 Dungeon Crawl Stone Soup version 0.31-a0-229-g1fc7ce93e2 (webtiles) character file.

Game seed: 551003191522861977

240 qw the Shooter (level 5, -1/45 HPs)
             Began as a Minotaur Hexslinger on July 6, 2023.
             Slain by a steam dragon (3 damage)
             ... on level 4 of the Dungeon.
             The game lasted 00:01:02 (1850 turns).

qw the Shooter (Minotaur Hexslinger)                Turns: 1850, Time: 00:01:02

Health: -1/45      AC:  8    Str: 13    XL:     5   Next: 80%
Magic:  5/5        EV: 11    Int: 10    God:
Gold:   152        SH:  0    Dex: 20    Spells: 5/6 levels left

rFire   . . .        Y - +1 sling
rCold   . . .        (no shield)
rNeg    . . .        d - +2 ring mail {Will+}
rPois   .            (helmet restricted)
rElec   .            g - +0 cloak
rCorr   .            (no gloves)
SInv    .            (no boots)
Will    +....        i - amulet of regeneration
Stlth   +            b - +6 ring of dexterity
HPRegen 1.07/turn    (no ring)
MPRegen 0.09/turn

%: no passive effects
@: no status effects
A: horns 2, retaliatory headbutt
a: no special abilities


You were on level 4 of the Dungeon.
You visited 1 branch of the dungeon, and saw 4 of its levels.

You collected 152 gold pieces.


Innate Abilities, Weirdness & Mutations

You have a pair of horns on your head.
You reflexively headbutt those who attack you in melee.


   Skills:
 - Level 3.5 Fighting
 + Level 5.5 Ranged Weapons
 - Level 2.0 Armour
 - Level 2.1 Dodging
 - Level 1.0 Spellcasting
 - Level 2.0 Hexes


You had 5 spell levels left.
You knew the following spells:

 Your Spells              Type           Power      Damage    Failure   Level
a - Slow                  Hex            16%        N/A       32%         1

Your spell library contained the following spells:

 Spells                   Type           Power      Damage    Failure   Level
 Inner Flame              Hex/Fire       2%         N/A       82%         3
 Portal Projectile        Hex/Tloc       4%         N/A       82%         3
 Cause Fear               Hex            2%         N/A       97%         4

Inventory:

Hand Weapons
 Y - a +1 sling (weapon)
Armour
 d - a +2 ring mail of willpower (worn)
 g - a +0 cloak (worn)
Jewellery
 b - a +6 ring of dexterity (left hand)
 i - an amulet of regeneration (around neck)
Scrolls
 a - 2 scrolls of identify
Potions
 h - a potion of curing

Dungeon Overview and Level Annotations

Branches:
Dungeon (4/15)
 Temple: D:4-7

Altars:
Cheibriados
Qazlal
Trog
Uskayaw


Message History

You are engulfed in a cloud of scalding steam.
The ufetubus hits you. The ufetubus closely misses you.
The jackal bites you but does no damage.
The kobold hits you but does no damage. The ufetubus completely misses you.
The ufetubus hits you but does no damage.
The jackal bites you. The kobold closely misses you.
You shoot a sling bullet.
The sling bullet hits the steam dragon but does no damage.
You are engulfed in a cloud of scalding steam.
The ufetubus barely misses you. The ufetubus misses you.
The jackal bites you but does no damage.
The ufetubus closely misses you. The ufetubus barely misses you.
The steam dragon barely misses you. You furiously retaliate!
You headbutt the steam dragon. The steam dragon closely misses you.
The kobold hits you but does no damage. The jackal barely misses you.
You furiously retaliate!
You headbutt the jackal, but do no damage.
You shoot a sling bullet. The sling bullet hits the steam dragon.
The steam dragon is lightly wounded.
The ufetubus hits you but does no damage. x2
The jackal is engulfed in a cloud of scalding steam.
The steam dragon bites you. The steam dragon closely misses you.
The kobold is engulfed in a cloud of scalding steam.
The kobold dies!
The ufetubus closely misses you. x2
You shoot a sling bullet.
The sling bullet barely misses the jackal.
You are engulfed in a cloud of scalding steam.
The jackal bites you but does no damage.
The ufetubus hits you but does no damage. x2
The steam dragon bites you! The steam dragon misses you.
The endoplasm is engulfed in a cloud of scalding steam.
The jackal barely misses you. x2; The ufetubus hits you.
The ufetubus closely misses you.
You shoot a sling bullet. The sling bullet hits the jackal.
You kill the jackal!
The ufetubus hits you. The ufetubus barely misses you. The jackal bites you.
The steam dragon bites you but does no damage.
The steam dragon claws you.
You die...

.... ..!... ...
....... ..
.......
#.####.......
#...#.......
#.<.#.....#
#........#
.##....5DJ###..
........@h..$...
..##..#...).###..
#.####...# #.
#..... .. ..#....
.. #.#......
#####.#.. .#..


You could see a steam dragon, an ufetubus, an endoplasm and a jackal.

Vanquished Creatures
  2 orc priests (D:3)
  Terence (D:2)
  An orc wizard (D:3)
  5 adders
  3 worms (D:3)
  A dart slug (D:1)
  6 orcs (D:3)
  7 endoplasms
  3 giant cockroaches
  8 goblins
  6 hobgoblins
  4 jackals
  6 kobolds
  2 quokkas
  3 ball pythons
  5 bats (D:1)
  3 frilled lizards
  6 rats
72 creatures vanquished.

Vanquished Creatures (others)
  A jackal (D:4)
  A kobold (D:4)
2 creatures vanquished.

Grand Total: 74 creatures vanquished

Notes
Turn   | Place    | Note
-------+----------+-------------------------------------------
     0 | D:1      | qw the Minotaur Hexslinger began the quest for the Orb.
     0 | D:1      | Reached XP level 1. HP: 16/16 MP: 1/1
     0 | D:1      | 0 ||| qw: Version: 0.3-a-46-gb1f654a
     0 | D:1      | 0 ||| qw: Game counter: 1359
     0 | D:1      | 0 ||| qw: Melee chars always use a shield: true
     0 | D:1      | 0 ||| qw: God list: Okawaru
     0 | D:1      | 0 ||| qw: Allow faded altars: false
     0 | D:1      | 0 ||| qw: Do Orc after clearing Dungeon:15 true
     0 | D:1      | 0 ||| qw: Do second Lair branch before Depths: true
     0 | D:1      | 0 ||| qw: Lair rune preference: random
     0 | D:1      | 0 ||| qw: Goals: Normal
     0 | D:1      | 0 ||| PLANNING D:1-11
    45 | D:1      | Reached skill level 3 in Ranged Weapons
    50 | D:1      | Reached XP level 2. HP: 21/23 MP: 2/2
   124 | D:1      | 124 ||| FLEEEEING.
   180 | D:1      | Reached XP level 3. HP: 29/29 MP: 3/3
   675 | D:1      | 675 ||| UPGRADING to +0 leather armour.
   685 | D:1      | 685 ||| DROPPING +0 robe.
   686 | D:1      | 686 ||| UPGRADING to +0 ring mail.
   696 | D:1      | 696 ||| DROPPING +0 leather armour.
   697 | D:1      | 697 ||| UPGRADING to +0 cloak.
   702 | D:1      | 702 ||| UPGRADING to amulet of regeneration.
   707 | D:1      | 707 ||| READING 2 scrolls labelled ZUNGUA FEPTOSAEM.
   708 | D:1      | 708 ||| READING scroll labelled ENKIANUSTI.
   709 | D:1      | 709 ||| DROPPING scroll of poison.
   751 | D:2      | 751 ||| UPGRADING to +6 ring of dexterity.
   849 | D:2      | Reached skill level 4 in Ranged Weapons
  1031 | D:2      | Noticed Terence
  1042 | D:2      | Killed Terence
  1043 | D:2      | Reached XP level 4. HP: 23/36 MP: 4/4
  1121 | D:2      | 1121 ||| UPGRADING to +2 ring mail of willpower.
  1136 | D:2      | 1136 ||| UPGRADING to +2 ring mail of willpower.
  1146 | D:2      | 1146 ||| DROPPING +0 ring mail.
  1219 | D:2      | 1219 ||| READING 2 scrolls labelled BOMOAD WOUS.
  1220 | D:2      | 1220 ||| READING 2 scrolls labelled HUKOUN VISO.
  1221 | D:2      | 1221 ||| DROPPING scroll of vulnerability.
  1222 | D:2      | 1222 ||| DROPPING scroll of fog.
  1305 | D:3      | Reached skill level 5 in Ranged Weapons
  1305 | D:3      | Reached XP level 5. HP: 30/41 MP: 5/5
  1385 | D:3      | Found a bloodstained altar of Trog.
  1445 | D:3      | Found a snail-covered altar of Cheibriados.
  1466 | D:3      | Found a stormy altar of Qazlal.
  1485 | D:3      | 1485 ||| FLEEEEING.
  1489 | D:3      | 1489 ||| FLEEEEING.
  1493 | D:3      | 1493 ||| FLEEEEING.
  1506 | D:3      | Reached skill level 3 in Fighting
  1508 | D:3      | 1508 ||| FLEEEEING.
  1509 | D:3      | 1509 ||| FLEEEEING.
  1549 | D:3      | Found a hide-covered altar of Uskayaw.
  1623 | D:3      | 1623 ||| READING scroll labelled QUJ CEH AJATT.
  1624 | D:3      | 1624 ||| READING scroll labelled JAZERI PAIFE.
  1725 | D:3      | 1725 ||| DRINKING 2 inky potions.
  1830 | D:3      | 1830 ||| DRINKING 2 fizzy white potions.
  1831 | D:3      | 1831 ||| DROPPING potion of berserk rage.
  1841 | D:4      | Noticed a steam dragon
  1849 | D:4      | HP: 6/45 [steam dragon (8)]
  1850 | D:4      | HP: 2/45 [jackal (1)]
  1850 | D:4      | Slain by a steam dragon

Levels and vault maps discovered:
D:1:      matt_arrival_grand_opening, layout_basic, chequers_decorated_corner
D:2:      layout_rooms, kennysheep_crisscross, uniq_terence
D:3:      layout_rooms, nicolae_overflow_quartered_altars
D:4:      layout_cave_pools, minmay_temple_entry_glass, corexii_checkpoint_a,
          kennysheep_potato, uniq_eustachio

Skill      XL: |  1  2  3  4  5 |
---------------+----------------+-----
Ranged Weapons | 3 4 5 |  5.5
Fighting       | 2 3 |  3.5
Armour         | 2 |  2.0
Dodging        | |  2.1
Spellcasting   | |  1.0
Hexes          | |  2.0

Action                     |  1- 3 |  4- 6 || total
---------------------------+-------+-------++-------
   Fire: Sling             |   121 |   110 ||   231
    Use: Scroll            |     2 |     4 ||     6
         Potion            |       |     2 ||     2
 Armour: Robe              |    11 |       ||    11
         Ring mail         |     4 |    41 ||    45
  Dodge: Dodged            |    35 |    56 ||    91

Table legend:
 A = Non-vault XP
 B = Vault XP
 C = Vault XP percentage of total XP
 D = Non-vault monster count
 E = Vault monster count
 F = Vault count percentage of total count
                 A         B        C        D         E       F
            +---------+---------+-------+---------+---------+-------
      Total |     307 |      38 |  11.0 |      72 |       1 |   1.4
            +---------+---------+-------+---------+---------+-------
        D:1 |      51 |       0 |   0.0 |      29 |       0 |   0.0
        D:2 |      74 |      38 |  33.9 |      18 |       1 |   5.3
        D:3 |     178 |       0 |   0.0 |      22 |       0 |   0.0
        D:4 |       4 |       0 |   0.0 |       3 |       0 |   0.0
            +---------+---------+-------+---------+---------+-------
